 Dungeon Crawl Stone Soup version 0.31.0-32-g396128a36d (webtiles) character file.

Game seed: 7841253864327310256

34 Dadi the Cudgeller (level 3, 29/29 HPs)
             Began as a Demonspawn Berserker on Mar 27, 2024.
             Was a Follower of Trog.
             Got out of the dungeon alive.
             The game lasted 00:00:58 (719 turns).

Dadi the Cudgeller (Demonspawn Berserker)            Turns: 719, Time: 00:00:59

Health: 29/29      AC:  3    Str: 19    XL:     3   Next: 14%
Magic:  3/3        EV: 12    Int:  7    God:    Trog [*.....]
Gold:   26         SH:  4    Dex: 12    Spells: 2/2 levels left

rFire   . . .        a - +0 mace
rCold   . . .        (no shield)
rNeg    . . .        b - +0 animal skin
rPois   .            (helmet restricted)
rElec   .            (no cloak)
rCorr   .            (no gloves)
SInv    .            e - +0 pair of boots
Will    .....        (no amulet)
Stlth   +            (no ring)
HPRegen 0.24/turn    (no ring)
MPRegen 0.08/turn

%: no passive effects
@: no status effects
A: antennae 1, condensation shield
a: Renounce Religion, Berserk


You escaped.
You worshipped Trog.
Trog was aware of your devotion.
You visited 1 branch of the dungeon, and saw 1 of its levels.

You collected 26 gold pieces.

Inventory:

Hand Weapons
 a - a +0 mace (weapon)
Armour
 b - a +0 animal skin (worn)
 e - a +0 pair of boots (worn)
Scrolls
 c - a scroll of identify {unknown}
 d - a scroll of enchant weapon {unknown}
 g - a scroll of fear {unknown}
 h - a scroll of noise {unknown}
 i - a scroll of poison {unknown}
Potions
 f - a potion of lignification {unknown}


   Skills:
 + Level 3.1 Fighting
 + Level 3.8 Maces & Flails
 - Level 1.7 Armour
 - Level 1.7 Dodging


You had 2 spell levels left.
You didn't know any spells.
Your spell library was empty.

Dungeon Overview and Level Annotations

Branches:
Dungeon (1/15)

Altars:


Innate Abilities, Weirdness & Mutations

You have a pair of small antennae on your head.
A meltable shield of frost defends you. (SH +4)


Message History

You closely miss the gnoll. You block the gnoll's attack.
You hit the gnoll.
The gnoll is lightly wounded.
The gnoll hits you with a +0 club. The gnoll barely misses you.
You hit the gnoll.
The gnoll is moderately wounded.
The gnoll barely misses you.
You closely miss the gnoll.
The gnoll is moderately wounded.
The gnoll closely misses you.
You thump the gnoll!
You kill the gnoll!
Trog accepts your kill.
You have reached level 3!
Your experience leads to an increase in your attributes!
Increase (S)trength, (I)ntelligence, or (D)exterity?
You feel stronger. x2; Your demonic ancestry asserts itself...
A pair of antennae grows on your head!
Things that are here:
a +0 club; a gnoll corpse
There is a stone staircase leading down here.
h - a scroll labelled FIBAGU YMMEYRI No target in view!
i - a scroll labelled MUOBUJ GIOP
Found a leather armour.
No target in view!
A kobold comes into view. It is wielding a +0 whip.
The kobold barely misses you.
A kobold is nearby!
You sock the kobold!
You kill the kobold!
Trog accepts your kill.
You see here a +0 whip.
You now have 26 gold pieces (gained 14).
You see here a +0 whip.
Key pressed, stopping explore.
No target in view!
You see here a +0 club.
There is a staircase leading out of the dungeon here.
You have escaped!

#.............#
#
########.####.#
# #.# #..#
#########.###
#......)....#
#...........#
####...#..#..#.#
###
#..#........≈..+
...#
#.##@......°.8.#
##..
#.##.......○≈..+
....
#.##...#..#°.#.#
####
#.##...........#
#.##...........#
#.##########.###
.### #.# ...
.... #.# ## ####
#.#


There were no monsters in sight!

Vanquished Creatures
  A gnoll (D:1)
  A dart slug (D:1)
  An endoplasm (D:1)
  2 giant cockroaches (D:1)
  5 goblins (D:1)
  2 hobgoblins (D:1)
  A ball python (D:1)
  2 bats (D:1)
  2 frilled lizards (D:1)
  3 kobolds (D:1)
  2 rats (D:1)
22 creatures vanquished.

Notes
Turn   | Place    | Note
-------+----------+-------------------------------------------
     0 | D:1      | Dadi the Demonspawn Berserker began the quest for the Orb.
     0 | D:1      | Reached XP level 1. HP: 18/18 MP: 1/1
   249 | D:1      | Gained mutation: A meltable shield of frost defends you.
                  | (SH +4) [demonic ancestry]
   249 | D:1      | Reached XP level 2. HP: 23/24 MP: 2/2
   511 | D:1      | Gained mutation: You have a pair of small antennae on your
                  | head. [demonic ancestry]
   511 | D:1      | Reached XP level 3. HP: 28/29 MP: 3/3
   719 | D:$      | Got out of the dungeon alive.

Illustrated notes

Levels and vault maps discovered:
D:1:      shiori_arrival_oz, layout_loops_ring

Skill      XL: |  1 |
---------------+----+-----
Maces & Flails | 3 |  3.8
Fighting       | |  3.1
Armour         | |  1.7
Dodging        | |  1.7

Action                     || total
---------------------------++-------
  Melee: Mace              ||    59
 Armour: Animal skin       ||    26
  Dodge: Dodged            ||    32
  Block: Other             ||     4
